 Dungeon Crawl Stone Soup version 0.25-a0-294-gea9b1ad378 (webtiles) character file.

Game seed: 13349058223789048076, levelgen mode: deterministic

38 Barrydekale the Changer (level 3, 0/33 HPs)
             Began as an Ogre Transmuter on Dec 16, 2019.
             Slain by an orc priest
             ... wielding a +0 flail
              (5 damage)
             ... on level 2 of the Dungeon.
             The game lasted 00:05:36 (2260 turns).

Barrydekale the Changer (Ogre Transmuter)           Turns: 2260, Time: 00:05:37

Health: 0/33       AC:  4    Str:  9    XL:     3   Next: 43%
Magic:  8/15       EV: 10    Int: 15    God:
Gold:   86         SH:  0    Dex:  9    Spells: 3/6 levels left

rFire    . . .     SeeInvis .     - Unarmed
rCold    . . .     Gourm    .   (no shield)
rNeg     . . .     Faith    .   b - +0 robe
rPois    .         Spirit   .   (helmet restricted)
rElec    .         Reflect  .   p - +0 cloak
rCorr    .         Harm     .   (gloves unavailable)
MR       .....                  (boots unavailable)
Stlth    +.........             (no amulet)
HPRegen  0.11/turn              h - -5 ring of strength (curse)
MPRegen  0.14/turn              k - ring of magical power

@: appendage
A: large, unfitting armour, talons 3, tough skin 1
a: End Transformation


You were on level 2 of the Dungeon.
You were hungry.
You had grown temporary talons.
You visited 1 branch of the dungeon, and saw 3 of its levels.

You collected 86 gold pieces.

Inventory:

Missiles
 a - 35 arrows
 l - a boomerang (quivered)
 m - 37 stones
Armour
 b - a +0 robe (worn)
 p - a +0 cloak (worn)
 s - a scarf of repulsion
Jewellery
 c - an uncursed ring of fire
 h - a cursed -5 ring of strength (left hand)
 k - a ring of magical power (right hand)
 u - an uncursed amulet of faith {unknown}
Scrolls
 i - a scroll of random uselessness {unknown}
 j - 7 scrolls of identify {unknown}
 o - a scroll of enchant armour {unknown}
 r - a scroll of immolation {unknown}
 v - a scroll of fog
Potions
 e - a potion of degeneration {unknown}
 f - a potion of mutation {unknown}
 g - a potion of heal wounds
 n - a potion of flight {unknown}
 q - a potion of cancellation {unknown}
 w - a potion of lignification {unknown}
Comestibles
 d - 7 rations


   Skills:
 - Level 1.3 Fighting
 - Level 1.7 Dodging
 - Level 2.6 Unarmed Combat
 - Level 2.4 Spellcasting
 + Level 3.4 Transmutations


You had 3 spell levels left.
You knew the following spells:

 Your Spells              Type           Power        Failure   Level  Hunger
a - Beastly Appendage     Tmut           ##....       5%          1    #......
b - Sticks to Snakes      Tmut           ##......     8%          2    ###....

Your spell library contained the following spells:

 Spells                   Type           Power        Failure   Level  Hunger
 Spider Form              Tmut/Pois      #.........   32%         3    ###....
 Ice Form                 Ice/Tmut       #.......     71%         4    #####..
 Blade Hands              Tmut           ##........   82%         5    ######.


Dungeon Overview and Level Annotations

Branches:
Dungeon (3/15)

Altars:


Innate Abilities, Weirdness & Mutations

You are too large for most types of armour.
You have tough skin. (AC +1)
You have claws for feet.


Message History

The orc priest closely misses your ball python.
Your ball python loses its grip on the orc priest.
Your ball python closely misses the orc priest.
Your ball python barely misses the orc priest.
Casting: Sticks to Snakes (safe; 8% risk of failure)
Confirm with . or Enter, or press ? or * to list all spells.
Your feet morph into talons.
The orc priest barely misses your ball python.
Your ball python bites the orc priest but does no damage.
Your ball python barely misses the orc priest. x2
Your ball python grabs the orc priest.
Your ball python constricts the orc priest.
Your ball python bites the orc priest.
The orc priest hits your ball python with a +0 flail.
Your ball python dies!
Your ball python loses its grip on the orc priest.
The orc priest shouts!
You are too injured to fight recklessly!
The orc priest hits you with a +0 flail.
You die...

#.#.##..##...########..###.##
#.#..........# ##..# #.#
#.####..##...#######...###.##
#>##.........................
#.##.#..##....####...........
#.##.#..##....####....####.##
#.##.#................# #.##
#.##..........####....####...
#..........o@.##......##.....
####.#..###.#S##.#....##.#.##
#.#..# #>.................
#....#####.##.#...###.#.##
#.#.....................##
#..........##.#..####.....
#.#..#####.##.#..#########
#.......................[.
#.#..########.#..#.#######


You could see an orc priest and a friendly ball python.

Vanquished Creatures
  2 worms (D:2)
  A leopard gecko (D:1)
  3 giant cockroaches (D:1)
  4 hobgoblins
  3 jackals (D:1)
  A ball python (D:1)
  A bat (D:1)
  6 frilled lizards
  2 goblins (D:1)
  4 kobolds
  7 rats (D:1)
34 creatures vanquished.

Notes
Turn   | Place    | Note
-------+----------+-------------------------------------------
     0 | D:1      | Barrydekale the Ogre Transmuter began the quest for the
                  | Orb.
     0 | D:1      | Reached XP level 1. HP: 19/19 MP: 3/3
    44 | D:1      | Reached skill level 2 in Transmutations
   306 | D:1      | Reached XP level 2. HP: 13/27 MP: 3/5
   311 | D:1      | Learned a level 2 spell: Sticks to Snakes
  1410 | D:1      | Reached skill level 3 in Transmutations
  1430 | D:1      | Reached XP level 3. HP: 28/33 MP: 6/6
  2260 | D:2      | Slain by an orc priest

Levels and vault maps discovered:
D:1:      ncdulo_wetmaze, layout_rooms, serial_park_tiny_1, st_stairs_3,
          minmay_misc_feat_five
D:2:      layout_basic, first_ration
D:3:      layout_basic, uniq_robin, uniq_crazy_yiuf_cottage

Skill      XL: |  1  2 |
---------------+-------+-----
Transmutations | 2 3 |  3.4
Fighting       | |  1.3
Dodging        | |  1.7
Unarmed Combat | |  2.6
Spellcasting   | |  2.4

Action                   || total
-------------------------++-------
Melee: Unarmed           ||   137
       Kick              ||    12
       Headbutt          ||     5
       Punch             ||     2
Throw: Boomerang         ||    17
 Cast: Beastly Appendage ||    26
       Sticks to Snakes  ||     4
  Use: Scroll            ||     1
       Potion            ||     1
  Eat: Chunk             ||     4
Armor: Robe              ||    46
Dodge: Dodged            ||    73

Table legend:
 A = Non-vault XP
 B = Vault XP
 C = Vault XP percentage of total XP
 D = Non-vault monster count
 E = Vault monster count
 F = Vault count percentage of total count
                 A         B        C        D         E       F
            +---------+---------+-------+---------+---------+-------
      Total |      52 |       3 |   5.5 |      31 |       3 |   8.8
            +---------+---------+-------+---------+---------+-------
        D:1 |      35 |       3 |   7.9 |      24 |       3 |  11.1
        D:2 |      17 |       0 |   0.0 |       7 |       0 |   0.0
            +---------+---------+-------+---------+---------+-------
